 Dungeon Crawl Stone Soup version 0.29-a0-330-g52719c12eb (webtiles) character file.

Game seed: 14925996502986634203

144 Raultor the Cudgeller (level 5, 42/42 HPs)
             Began as a Demonspawn Gladiator on Apr 28, 2022.
             Quit the game on level 3 of the Dungeon on May 6, 2022.
             The game lasted 00:04:15 (2697 turns).

Raultor the Cudgeller (Demonspawn Gladiator)        Turns: 2697, Time: 00:04:16

Health: 42/42      AC: 12    Str: 17    XL:     5   Next: 5%
Magic:  5/5        EV: 26    Int:  9    God:
Gold:   176        SH:  0    Dex: 14    Spells: 4/4 levels left

rFire   . . .      SeeInvis .   a - +0 flail
rCold   . . .      Faith    .   (no shield)
rNeg    . . .      Spirit   .   j - +0 ring mail
rPois   .          Reflect  .   c - +0 helmet
rElec   .          Harm     .   (no cloak)
rCorr   .          Rampage  .   (no gloves)
Will    .....                   (no boots)
Stlth   +.........              k - amulet of the acrobat
HPRegen 0.14/turn               T - +4 ring of protection
MPRegen 0.09/turn               (no ring)

@: mildly poisoned (42 -> 37), acrobatic
A: molten scales 1, powered by pain 1, demonic magic 1, demonic touch 1
a: no special abilities


You were on level 3 of the Dungeon.
You visited 1 branch of the dungeon, and saw 3 of its levels.

You collected 176 gold pieces.


Innate Abilities, Weirdness & Mutations

You are partially covered in molten scales. (AC +2)
You sometimes gain a little power by taking damage.
Spells you cast may paralyse adjacent enemies.
Your touch may inflict minor irresistible damage on your foes.


   Skills:
 - Level 3.8 Fighting
 * Level 4.2 Maces & Flails
 - Level 1.7 Throwing
 - Level 2.6 Dodging


You had 4 spell levels left.
You didn't know any spells.
Your spell library contained the following spells:

 Spells                   Type           Power      Damage    Failure   Level
 Sandblast                Erth           0%         2d4       58%         1
 Passwall                 Tmut/Erth      0%         N/A       75%         2
 Stone Arrow              Conj/Erth      0%         3d7       92%         3

Inventory:

Hand Weapons
 a - a +0 flail (weapon)
Missiles
 d - 3 throwing nets (quivered) {=f}
 e - a javelin
 n - a boomerang
Armour
 b - a +0 leather armour
 c - a +0 helmet (worn)
 j - a +0 ring mail (worn)
Jewellery
 k - an amulet of the acrobat (around neck)
 T - a +4 ring of protection (left hand)
Wands
 o - a wand of iceblast (3)
Scrolls
 g - 2 scrolls of identify {unknown}
 h - a scroll of teleportation {unknown}
 l - a scroll of noise {unknown}
 m - a scroll of blinking {unknown}
Potions
 f - a potion of curing {unknown}
 i - a potion of haste {unknown}
 p - a potion of magic {unknown}

Dungeon Overview and Level Annotations

Branches:
Dungeon (3/15)

Altars:

.....#.###..####..#
.....)......####..#
......#.#.#.......#
.............###.####...
##.#..#.#.#..##.......#.
#.##.......###..####...
#.##.#.#.#.# #..#
#.##.......# #..####K..
#.####..#### #.@.......
. ............... ##
######.######## #.# ..
##. #. #.


You could see a kobold.


Message History

Options error: Bad monster_list_colour key: strict_neutral (~/.crawlrc:48) Welcome back, Raultor the Demonspawn Gladiator.
Press ? for a list of commands and other information.
Things that are here:
a +0 ring mail; a +0 dagger; the goblin corpse of Ijyb A hobgoblin comes into view.
It is wielding a +0 rapier.
Found 8 gold pieces.
You closely miss the hobgoblin.
The hobgoblin hits you but does no damage.
You closely miss the hobgoblin.
You touch the hobgoblin.
The hobgoblin is severely wounded.
The hobgoblin barely misses you.
You closely miss the hobgoblin.
The hobgoblin is severely wounded.
The hobgoblin barely misses you.
You sock the hobgoblin!
You kill the hobgoblin!
You now have 153 gold pieces (gained 11).
You see here a +0 rapier.
HP restored.
You now have 161 gold pieces (gained 8).
Found 15 gold pieces.
Found a fuming emerald potion.
You now have 176 gold pieces (gained 15).
p - a fuming emerald potion A kobold comes into view.
It is wielding a +0 short sword and quivering poisoned darts.
The kobold shouts!
The kobold throws a poisoned dart.
The poisoned dart hits you.
You are poisoned.
Are you sure you want to abandon this character and quit the game? (Confirm with "yes".)

Skill      XL: |  1  2  3  4 |
---------------+-------------+-----
Fighting       | 3 |  3.8
Maces & Flails | 3 4 |  4.2
Throwing       | |  1.7
Dodging        | |  2.6

Action                   |  1- 3 |  4- 6 || total
-------------------------+-------+-------++-------
Melee: Flail             |   127 |    55 ||   182
       Punch             |     2 |       ||     2
       Touch             |       |     1 ||     1
Armor: Leather armour    |    22 |       ||    22
       Ring mail         |    25 |    36 ||    61
Dodge: Dodged            |   113 |    53 ||   166

Levels and vault maps discovered:
D:1:      onia_arrival_pentagram, layout_basic,
          hellmonk_ecumenical_altar_heavens_door,
          chequers_serial_rivers_small_3, minmay_tetromino_l4
D:2:      layout_rooms, minmay_misc_feat_tower
D:3:      layout_loops_ring, serial_glass, glass_columns_a, glass_columns_a,
          glass_columns_a, glass_columns_a, glass_columns_c, glass_columns_b,
          glass_columns_c, glass_columns_c, glass_columns_a, glass_columns_a,
          glass_columns_a, glass_columns_a, glass_columns_c, glass_columns_a,
          uniq_ijyb

Notes
Turn   | Place    | Note
-------+----------+-------------------------------------------
     0 | D:1      | Raultor the Demonspawn Gladiator began the quest for the
                  | Orb.
     0 | D:1      | Reached XP level 1. HP: 16/16 MP: 1/1
    37 | D:1      | Gained mutation: You sometimes gain a little power by
                  | taking damage. [demonic ancestry]
    37 | D:1      | Reached XP level 2. HP: 7/23 MP: 2/2
   286 | D:1      | Reached skill level 3 in Fighting
   703 | D:1      | Gained mutation: You are partially covered in molten
                  | scales. (AC +2) [demonic ancestry]
   703 | D:1      | Reached XP level 3. HP: 11/29 MP: 3/3
  1002 | D:1      | Found a faded altar of an unknown god.
  1536 | D:2      | Reached skill level 3 in Maces & Flails
  1812 | D:2      | Gained mutation: Spells you cast may paralyse adjacent
                  | enemies. [demonic ancestry]
  1812 | D:2      | Reached XP level 4. HP: 37/37 MP: 4/4
  1987 | D:3      | Noticed Ijyb
  2176 | D:2      | Reached skill level 4 in Maces & Flails
  2441 | D:3      | Killed Ijyb
  2442 | D:3      | Gained mutation: Your touch may inflict minor irresistible
                  | damage on your foes. [demonic ancestry]
  2442 | D:3      | Reached XP level 5. HP: 11/42 MP: 5/5
  2697 | D:3      | Quit the game

Vanquished Creatures
  A hound (D:2)
  Ijyb (D:3)
  A gnoll (D:1)
  2 adders (D:2)
  3 orcs (D:2)
  5 ball pythons
  2 bats (D:1)
  4 endoplasms
  3 giant cockroaches
  3 goblins (D:1)
  8 hobgoblins
  10 jackals
  2 quokkas
  A frilled lizard (D:1)
  5 kobolds
  2 rats (D:1)
53 creatures vanquished.

Table legend: (Time is in decaauts)
 A = Elapsed time spent in this place.
 B = Non-inter-level travel time spent in this place.
 C = Inter-level travel time spent in this place.
 D = Time resting spent in this place.
 E = Time spent auto-exploring this place.
 F = Levels seen in this place.
 G = Mean time per level.
                   A        B        C        D        E       F      G
               +--------+--------+--------+--------+--------+-----+--------+
         Total |   2746 |   2736 |     10 |      0 |   2283 |   3 |  915.3 |
       Dungeon |   2746 |   2736 |     10 |      0 |   2283 |   3 |  915.3 |
               +--------+--------+--------+--------+--------+-----+--------+

Top non-repeatable levels by time:
     D:1: 1542 daAuts
     D:2: 916 daAuts
     D:3: 287 daAuts

Table legend:
 A = Non-vault XP
 B = Vault XP
 C = Vault XP percentage of total XP
 D = Non-vault monster count
 E = Vault monster count
 F = Vault count percentage of total count
                 A         B        C        D         E       F
            +---------+---------+-------+---------+---------+-------
      Total |     169 |      38 |  18.4 |      49 |       4 |   7.5
            +---------+---------+-------+---------+---------+-------
        D:1 |      58 |       5 |   7.9 |      26 |       3 |  10.3
        D:2 |     109 |       0 |   0.0 |      22 |       0 |   0.0
        D:3 |       2 |      33 |  94.3 |       1 |       1 |  50.0
            +---------+---------+-------+---------+---------+-------
